[ PARTIDA AOE2 · #487286009 ]
UnrankedWu vs Italians
[ ANÁLISIS DE REPETICIÓN · EXTRAÍDO DE LA PARTIDA GRABADA ]
Feudal
12:15
Castillos
18:39
Imperial
—
| APM promedio | 22.7 |
| APM pico | 71 |
| eAPM promedio | 10.6 |
| Aldeanos / militares | 69 / 39 |
Foco
⚔️ 27.7% · 🌾 72.3%
Spearman ×32 · Skirmisher ×7 · Trade Cart ×2
Feudal
9:18
Castillos
14:53
Imperial
30:17
| APM promedio | 43.9 |
| APM pico | 83 |
| eAPM promedio | 19.7 |
| Aldeanos / militares | 61 / 9 |
Foco
⚔️ 25.9% · 🌾 74.1%
Unknown (882) ×41 · Knight ×9
Feudal
10:08
Castillos
23:31
Imperial
—
| APM promedio | 31.3 |
| APM pico | 55 |
| eAPM promedio | 14.2 |
| Aldeanos / militares | 70 / 43 |
Foco
⚔️ 31.5% · 🌾 68.5%
Mangudai ×37 · Skirmisher ×4 · Archer ×2
Feudal
9:20
Castillos
22:56
Imperial
—
| APM promedio | 38.1 |
| APM pico | 70 |
| eAPM promedio | 12.1 |
| Aldeanos / militares | 65 / 48 |
Foco
⚔️ 22.5% · 🌾 77.5%
Knight ×25 · Spearman ×14 · Skirmisher ×5 · Battering Ram ×4
Mapa de la partida
Recursos iniciales + cada clic de construcción. Líneas = muros · curvas = relieve. ◆ oro · ⬟ piedra · ● bayas · ✦ reliquia · ◌ hueco del cierre
Tu base· Abierta — flanco sin cerrar
Base de FMG | ELCOCHINOTE· Abierta — hueco de 6t
Base de Lindy· Abierta — flanco sin cerrar
Base de deju30· Abierta — flanco sin cerrar
Terreno inicial suavizado · ◌ = hueco del cierre detectado · pasá el cursor para detalles
Inputs por minuto
— [AJJRR] Minillop - - FMG | ELCOCHINOTE
Build order — [AJJRR] Minillop
150 acciones detectadas en el replay
| 0:01 | Crear | Villager (Male) |
| 0:01 | Crear | Villager (Male) |
| 0:01 | Crear | Villager (Male) |
| 0:03 | Construir | House |
| 0:05 | Construir | House |
| 0:21 | Crear | Villager (Male) |
| 1:25 | Crear | Villager (Male) |
| 1:49 | Construir | Lumber Camp |
| 1:57 | Crear | Villager (Male) |
| 2:27 | Crear | Villager (Male) |
| 2:42 | Crear | Villager (Male) |
| 2:57 | Crear | Villager (Male) |
| 3:29 | Construir | House |
| 3:40 | Crear | Villager (Male) |
| 3:54 | Crear | Villager (Male) |
| 4:15 | Construir | Mill |
| 4:51 | Investigar | Loom |
| 5:00 | Crear | Villager (Male) |
| 5:00 | Crear | Villager (Male) |
| 5:01 | Crear | Villager (Male) |
| 5:01 | Crear | Villager (Male) |
| 6:03 | Crear | Villager (Male) |
| 6:03 | Crear | Villager (Male) |
| 6:03 | Crear | Villager (Male) |
| 6:43 | Construir | Mill |
| 7:28 | Crear | Villager (Male) |
| 7:29 | Crear | Villager (Male) |
| 7:51 | Construir | House |
| 7:59 | Crear | Villager (Male) |
| 7:59 | Crear | Villager (Male) |
| 8:12 | Construir | Barracks |
| 8:35 | Construir | Farm |
| 9:04 | Construir | Farm |
| 9:07 | Construir | Farm |
| 9:27 | Construir | House |
| 9:41 | Construir | Palisade Wall |
| 9:50 | Construir | House |
| 9:52 | Construir | Palisade Wall |
| 10:05 | Investigar | Feudal Age |
| 11:10 | Construir | House |
| 11:26 | Construir | Mining Camp |
| 11:42 | Construir | Farm |
| 11:45 | Crear | Villager (Male) |
| 11:45 | Crear | Villager (Male) |
| 12:10 | Construir | Farm |
| 12:15 | Edad | Edad Feudal |
| 12:36 | Construir | Blacksmith |
| 12:49 | Crear | Villager (Male) |
| 12:50 | Crear | Villager (Male) |
| 13:17 | Construir | Farm |
| 13:43 | Crear | Spearman |
| 13:44 | Crear | Spearman |
| 13:47 | Crear | Villager (Male) |
| 14:11 | Construir | Watch Tower |
| 14:33 | Crear | Villager (Male) |
| 14:33 | Crear | Villager (Male) |
| 14:43 | Construir | Market |
| 15:17 | Crear | Villager (Male) |
| 15:41 | Construir | Farm |
| 15:41 | Construir | Farm |
| 15:41 | Construir | Farm |
| 15:59 | Investigar | Castle Age |
| 16:32 | Construir | Barracks |
| 16:41 | Construir | Farm |
| 16:52 | Investigar | Horse Collar |
| 16:58 | Construir | House |
| 17:01 | Construir | House |
| 17:05 | Construir | House |
| 17:08 | Construir | Palisade Wall |
| 17:14 | Construir | House |
| 17:16 | Construir | House |
| 17:24 | Construir | Palisade Wall |
| 17:37 | Crear | Spearman |
| 17:37 | Crear | Spearman |
| 17:38 | Crear | Spearman |
| 18:17 | Crear | Spearman ×2 |
| 18:39 | Edad | Edad de los Castillos |
| 18:48 | Crear | Spearman |
| 18:56 | Crear | Spearman ×3 |
| 19:27 | Investigar | Pikeman (upgrade) |
| 19:34 | Crear | Spearman |
| 19:45 | Crear | Villager (Male) |
| 20:14 | Crear | Spearman ×2 |
| 20:20 | Construir | Farm |
| 20:23 | Crear | Villager (Male) |
| 20:54 | Crear | Spearman ×2 |
| 20:54 | Crear | Spearman |
| 21:13 | Crear | Spearman |
| 21:14 | Crear | Spearman |
| 21:20 | Construir | Farm |
| 21:31 | Crear | Spearman ×2 |
| 21:37 | Crear | Villager (Male) |
| 21:37 | Crear | Villager (Male) |
| 22:26 | Investigar | Squires |
| 22:27 | Investigar | Scale Mail Armor |
| 22:39 | Crear | Trade Cart |
| 22:39 | Crear | Trade Cart |
| 22:48 | Crear | Villager (Male) |
| 22:53 | Construir | Farm |
| 22:56 | Construir | Farm |
| 23:06 | Investigar | Arson |
| 23:39 | Crear | Villager (Male) |
| 23:39 | Crear | Villager (Male) |
| 24:12 | Crear | Spearman ×5 |
| 24:15 | Crear | Villager (Male) |
| 24:28 | Construir | Town Center |
| 25:26 | Crear | Spearman ×5 |
| 25:35 | Construir | House |
| 25:37 | Construir | House |
| 25:44 | Crear | Villager (Male) |
| 25:45 | Crear | Villager (Male) |
| 25:45 | Crear | Villager (Male) |
| 26:22 | Crear | Spearman |
| 26:41 | Investigar | Chain Mail Armor |
| 26:42 | Crear | Villager (Male) |
| 26:43 | Crear | Villager (Male) |
| 27:33 | Construir | Siege Workshop |
| 27:34 | Construir | Siege Workshop |
| 28:03 | Construir | Siege Workshop |
| 28:06 | Construir | Barracks |
| 28:13 | Construir | Archery Range |
| 28:14 | Construir | Archery Range |
| 28:42 | Crear | Villager (Male) |
| 28:42 | Crear | Villager (Male) |
| 28:45 | Crear | Villager (Male) ×5 |
| 28:45 | Crear | Villager (Male) |
| 28:45 | Crear | Villager (Male) |
| 29:10 | Crear | Villager (Male) ×3 |
| 29:16 | Construir | Farm |
| 29:16 | Construir | Farm |
| 29:17 | Construir | Farm |
| 29:17 | Construir | Farm |
| 29:17 | Construir | Farm |
| 29:25 | Investigar | Double-Bit Axe |
| 29:25 | Investigar | Double-Bit Axe |
| 29:29 | Investigar | Heavy Plow |
| 29:33 | Construir | Farm |
| 29:34 | Investigar | Fletching |
| 29:43 | Crear | Skirmisher ×3 |
| 30:09 | Crear | Villager (Male) |
| 30:10 | Crear | Villager (Male) |
| 30:45 | Construir | Farm |
| 30:46 | Crear | Villager (Male) ×4 |
| 31:14 | Construir | Farm |
| 31:34 | Investigar | Bodkin Arrow |
| 31:45 | Crear | Skirmisher ×4 |
| 31:59 | Crear | Villager (Male) |
| 32:20 | Crear | Villager (Male) ×4 |
| 32:41 | Crear | Villager (Male) ×3 |
| 33:13 | Investigar | Padded Archer Armor |
Build order — FMG | ELCOCHINOTE
Primeras 150 de 200 acciones detectadas
| 0:00 | Crear | Villager (Male) |
| 0:00 | Crear | Villager (Male) |
| 0:02 | Construir | House |
| 0:03 | Construir | House |
| 0:07 | Crear | Villager (Male) |
| 0:07 | Crear | Villager (Male) |
| 1:27 | Crear | Villager (Male) |
| 2:03 | Crear | Villager (Male) |
| 2:17 | Crear | Villager (Male) |
| 2:52 | Crear | Villager (Male) |
| 2:52 | Crear | Villager (Male) |
| 3:14 | Construir | Lumber Camp |
| 3:23 | Crear | Villager (Male) |
| 3:47 | Crear | Villager (Male) |
| 3:51 | Construir | House |
| 3:52 | Construir | House |
| 4:04 | Crear | Villager (Male) |
| 4:05 | Crear | Villager (Male) |
| 4:15 | Crear | Villager (Male) |
| 4:16 | Crear | Villager (Male) |
| 5:13 | Construir | Mill |
| 5:19 | Crear | Villager (Male) |
| 5:20 | Crear | Villager (Male) |
| 5:20 | Crear | Villager (Male) |
| 6:17 | Crear | Villager (Male) |
| 6:38 | Crear | Villager (Male) |
| 6:46 | Investigar | Loom |
| 7:07 | Investigar | Feudal Age |
| 7:50 | Construir | Barracks |
| 7:56 | Construir | Palisade Wall |
| 8:51 | Crear | Villager (Male) |
| 8:54 | Investigar | Loom |
| 8:55 | Crear | Villager (Male) |
| 9:18 | Edad | Edad Feudal |
| 9:21 | Construir | Stable |
| 9:39 | Construir | Blacksmith |
| 10:02 | Crear | Villager (Male) |
| 10:11 | Crear | Villager (Male) |
| 10:16 | Construir | Mining Camp |
| 10:30 | Construir | House |
| 10:47 | Construir | Palisade Wall |
| 10:54 | Crear | Villager (Male) |
| 11:09 | Construir | Palisade Wall |
| 11:20 | Crear | Villager (Male) |
| 11:36 | Construir | Palisade Wall |
| 11:40 | Construir | House |
| 11:51 | Crear | Villager (Male) |
| 12:07 | Construir | House |
| 12:13 | Investigar | Castle Age |
| 12:14 | Investigar | Castle Age |
| 12:18 | Construir | Farm |
| 12:21 | Construir | Farm |
| 12:29 | Construir | Farm |
| 12:36 | Construir | Palisade Wall |
| 12:46 | Construir | House |
| 12:58 | Construir | Palisade Wall |
| 13:07 | Construir | Farm |
| 13:13 | Construir | Farm |
| 13:33 | Construir | Farm |
| 13:40 | Investigar | Bloodlines |
| 14:01 | Construir | Farm |
| 14:10 | Investigar | Scale Barding Armor |
| 14:10 | Investigar | Scale Barding Armor |
| 14:26 | Construir | Farm |
| 14:37 | Construir | Farm |
| 14:46 | Crear | Villager (Male) |
| 14:53 | Edad | Edad de los Castillos |
| 14:58 | Crear | Knight |
| 15:18 | Crear | Villager (Male) |
| 15:27 | Construir | Farm |
| 15:33 | Crear | Knight |
| 15:52 | Crear | Villager (Male) |
| 15:59 | Crear | Knight |
| 16:00 | Crear | Villager (Male) |
| 16:03 | Construir | Farm |
| 16:23 | Construir | Farm |
| 16:24 | Construir | Farm |
| 16:33 | Construir | Farm |
| 16:39 | Crear | Villager (Male) |
| 17:02 | Crear | Knight |
| 17:20 | Crear | Knight |
| 17:35 | Crear | Knight |
| 17:46 | Crear | Villager (Male) |
| 18:15 | Crear | Villager (Male) |
| 18:18 | Construir | Farm |
| 18:39 | Investigar | Chain Barding Armor |
| 18:39 | Investigar | Chain Barding Armor |
| 18:51 | Crear | Villager (Male) |
| 18:54 | Construir | Farm |
| 19:00 | Construir | House |
| 19:01 | Construir | House |
| 19:24 | Construir | Farm |
| 19:25 | Crear | Villager (Male) |
| 19:39 | Crear | Villager (Male) |
| 19:46 | Construir | Town Center |
| 20:03 | Construir | House |
| 20:30 | Crear | Knight |
| 20:37 | Construir | House |
| 20:37 | Construir | House |
| 20:39 | Crear | Villager (Male) |
| 20:40 | Crear | Knight |
| 21:12 | Crear | Villager (Male) |
| 21:15 | Crear | Villager (Male) |
| 21:39 | Investigar | Forging |
| 21:39 | Investigar | Forging |
| 21:40 | Crear | Knight |
| 21:41 | Crear | Villager (Male) |
| 21:56 | Construir | House |
| 22:09 | Crear | Villager (Male) |
| 22:12 | Crear | Villager (Male) |
| 22:12 | Crear | Villager (Male) |
| 22:41 | Construir | Farm |
| 22:42 | Construir | Farm |
| 22:43 | Crear | Villager (Male) |
| 22:43 | Crear | Villager (Male) |
| 23:01 | Crear | Villager (Male) |
| 23:28 | Crear | Villager (Male) |
| 23:28 | Crear | Villager (Male) |
| 24:02 | Crear | Villager (Male) |
| 24:07 | Crear | Villager (Male) |
| 24:08 | Crear | Villager (Male) |
| 24:08 | Crear | Villager (Male) |
| 25:00 | Crear | Villager (Male) |
| 25:02 | Construir | House |
| 25:37 | Construir | House |
| 25:40 | Crear | Villager (Male) |
| 26:02 | Construir | Castle |
| 26:04 | Crear | Villager (Male) |
| 26:05 | Crear | Villager (Male) |
| 26:14 | Construir | Barracks |
| 26:25 | Construir | Farm |
| 26:29 | Construir | Barracks |
| 26:34 | Investigar | Scale Mail Armor |
| 26:40 | Construir | Farm |
| 26:43 | Construir | Farm |
| 26:45 | Crear | Villager (Male) |
| 26:58 | Construir | Mining Camp |
| 27:04 | Construir | Farm |
| 27:07 | Investigar | Imperial Age |
| 27:07 | Investigar | Imperial Age |
| 27:26 | Construir | Farm |
| 27:28 | Construir | Farm |
| 27:39 | Crear | Villager (Male) |
| 27:42 | Investigar | Chain Mail Armor |
| 27:43 | Investigar | Iron Casting |
| 27:47 | Construir | Farm |
| 27:51 | Construir | Farm |
| 28:51 | Investigar | Squires |
| 28:52 | Investigar | Squires |
| 29:27 | Construir | Lumber Camp |
Build order — Lindy
Primeras 150 de 181 acciones detectadas
| 0:01 | Crear | Villager (Male) |
| 0:01 | Crear | Villager (Male) |
| 0:02 | Crear | Villager (Male) |
| 0:02 | Crear | Villager (Male) |
| 0:03 | Construir | House |
| 0:05 | Construir | House |
| 1:23 | Crear | Villager (Male) |
| 1:48 | Construir | House |
| 2:08 | Crear | Villager (Male) |
| 2:10 | Construir | Lumber Camp |
| 2:25 | Crear | Villager (Male) |
| 2:54 | Crear | Villager (Male) |
| 3:15 | Crear | Villager (Male) |
| 3:15 | Crear | Villager (Male) |
| 3:32 | Crear | Villager (Male) |
| 4:00 | Crear | Villager (Male) |
| 4:00 | Crear | Villager (Male) |
| 4:21 | Crear | Villager (Male) |
| 4:26 | Construir | Mill |
| 4:28 | Crear | Villager (Male) |
| 4:29 | Crear | Villager (Male) |
| 4:46 | Construir | House |
| 5:09 | Crear | Villager (Male) |
| 5:52 | Crear | Villager (Male) |
| 6:09 | Construir | Mill |
| 6:30 | Crear | Villager (Male) |
| 6:52 | Investigar | Loom |
| 7:21 | Investigar | Feudal Age |
| 7:33 | Crear | Villager (Male) |
| 7:34 | Crear | Villager (Male) |
| 7:47 | Construir | House |
| 7:48 | Construir | House |
| 7:55 | Crear | Villager (Male) |
| 7:55 | Crear | Villager (Male) |
| 8:24 | Construir | Palisade Wall |
| 8:36 | Construir | Palisade Wall |
| 8:38 | Construir | Palisade Gate |
| 9:28 | Crear | Villager (Male) |
| 10:03 | Construir | Barracks |
| 10:08 | Edad | Edad Feudal |
| 10:11 | Investigar | Double-Bit Axe |
| 10:12 | Investigar | Horse Collar |
| 10:33 | Construir | Mining Camp |
| 10:39 | Crear | Villager (Male) |
| 10:40 | Crear | Villager (Male) |
| 10:59 | Construir | Watch Tower |
| 11:09 | Crear | Villager (Male) |
| 12:09 | Construir | Archery Range |
| 12:22 | Construir | Watch Tower |
| 12:37 | Crear | Villager (Male) |
| 12:39 | Construir | Blacksmith |
| 12:46 | Crear | Villager (Male) |
| 13:02 | Construir | Farm |
| 13:13 | Construir | Farm |
| 13:15 | Crear | Skirmisher |
| 13:30 | Crear | Villager (Male) |
| 13:30 | Crear | Villager (Male) |
| 13:36 | Construir | Farm |
| 13:49 | Crear | Villager (Male) |
| 13:56 | Construir | Farm |
| 14:06 | Crear | Archer |
| 14:12 | Construir | Mining Camp |
| 14:17 | Construir | House |
| 14:19 | Crear | Villager (Male) |
| 14:28 | Crear | Skirmisher |
| 14:42 | Crear | Villager (Male) |
| 14:57 | Construir | Farm |
| 15:04 | Crear | Villager (Male) |
| 15:09 | Construir | House |
| 15:32 | Construir | Farm |
| 15:34 | Construir | Farm |
| 15:57 | Construir | Farm |
| 15:58 | Construir | Farm |
| 16:01 | Crear | Skirmisher |
| 16:01 | Crear | Archer |
| 16:16 | Construir | Farm |
| 16:27 | Crear | Villager (Male) |
| 16:37 | Construir | Farm |
| 16:41 | Crear | Villager (Male) |
| 16:56 | Crear | Villager (Male) |
| 17:03 | Construir | Farm |
| 17:04 | Construir | Farm |
| 17:13 | Construir | Farm |
| 17:19 | Crear | Villager (Male) |
| 17:37 | Construir | Farm |
| 17:42 | Investigar | Fletching |
| 17:47 | Construir | Farm |
| 17:51 | Crear | Skirmisher |
| 18:05 | Construir | Farm |
| 18:27 | Construir | Farm |
| 18:31 | Crear | Villager (Male) |
| 18:50 | Construir | House |
| 18:51 | Construir | House |
| 19:07 | Construir | House |
| 19:19 | Crear | Villager (Male) |
| 19:53 | Construir | Farm |
| 20:01 | Crear | Villager (Male) |
| 20:48 | Investigar | Castle Age |
| 21:09 | Crear | Villager (Male) |
| 21:47 | Investigar | Padded Archer Armor |
| 21:49 | Investigar | Stone Mining |
| 21:52 | Investigar | Gold Mining |
| 22:53 | Crear | Villager (Male) |
| 23:31 | Edad | Edad de los Castillos |
| 23:32 | Construir | Castle |
| 23:35 | Investigar | Bodkin Arrow |
| 23:39 | Crear | Villager (Male) |
| 23:43 | Investigar | Bow Saw |
| 23:44 | Investigar | Heavy Plow |
| 23:49 | Investigar | Leather Archer Armor |
| 23:55 | Crear | Villager (Male) |
| 24:46 | Construir | House |
| 24:48 | Crear | Mangudai |
| 24:48 | Crear | Mangudai |
| 24:49 | Crear | Mangudai |
| 24:49 | Crear | Mangudai |
| 24:52 | Investigar | Thumb Ring |
| 25:07 | Crear | Villager (Male) |
| 25:08 | Crear | Villager (Male) |
| 25:11 | Construir | University |
| 25:29 | Construir | Stable |
| 25:33 | Crear | Villager (Male) |
| 25:51 | Crear | Villager (Male) |
| 26:00 | Crear | Villager (Male) |
| 26:05 | Crear | Mangudai |
| 26:05 | Crear | Mangudai |
| 26:23 | Investigar | Ballistics |
| 26:29 | Investigar | Husbandry |
| 26:40 | Construir | Mining Camp |
| 27:07 | Crear | Villager (Male) |
| 27:07 | Crear | Villager (Male) |
| 27:09 | Investigar | Bloodlines |
| 27:16 | Crear | Villager (Male) |
| 27:19 | Crear | Mangudai |
| 27:19 | Crear | Mangudai |
| 27:27 | Crear | Villager (Male) |
| 27:43 | Crear | Villager (Male) |
| 27:43 | Crear | Villager (Male) |
| 27:45 | Crear | Mangudai |
| 27:46 | Crear | Mangudai |
| 27:59 | Crear | Villager (Male) |
| 28:00 | Crear | Villager (Male) |
| 28:19 | Crear | Villager (Male) |
| 28:21 | Crear | Villager (Male) |
| 28:34 | Crear | Mangudai |
| 28:34 | Crear | Mangudai |
| 28:34 | Crear | Mangudai |
| 28:34 | Crear | Mangudai |
| 29:05 | Crear | Villager (Male) |
| 29:06 | Crear | Villager (Male) |
Build order — deju30
Primeras 150 de 184 acciones detectadas
| 0:01 | Crear | Villager (Male) |
| 0:02 | Crear | Villager (Male) |
| 0:02 | Crear | Villager (Male) |
| 0:03 | Construir | House |
| 0:05 | Construir | House |
| 0:12 | Crear | Villager (Male) |
| 0:12 | Crear | Villager (Male) |
| 1:24 | Crear | Villager (Male) |
| 1:51 | Construir | Lumber Camp |
| 2:01 | Crear | Villager (Male) |
| 2:21 | Crear | Villager (Male) |
| 2:53 | Construir | House |
| 2:54 | Crear | Villager (Male) |
| 3:19 | Crear | Villager (Male) |
| 3:38 | Construir | Mill |
| 3:57 | Crear | Villager (Male) |
| 4:21 | Crear | Villager (Male) |
| 4:40 | Crear | Villager (Male) |
| 4:41 | Crear | Villager (Male) |
| 5:12 | Crear | Villager (Male) |
| 5:16 | Crear | Villager (Male) |
| 5:45 | Crear | Villager (Male) |
| 5:45 | Crear | Villager (Male) |
| 6:04 | Construir | House |
| 6:38 | Investigar | Loom |
| 7:16 | Investigar | Feudal Age |
| 8:13 | Construir | Barracks |
| 9:00 | Crear | Villager (Male) |
| 9:01 | Crear | Villager (Male) |
| 9:20 | Edad | Edad Feudal |
| 9:21 | Construir | Archery Range |
| 9:22 | Crear | Spearman |
| 9:22 | Crear | Spearman |
| 9:45 | Crear | Spearman |
| 9:55 | Crear | Skirmisher |
| 9:55 | Crear | Skirmisher |
| 9:58 | Construir | House |
| 10:03 | Crear | Spearman |
| 10:25 | Construir | Watch Tower |
| 10:30 | Crear | Skirmisher |
| 10:32 | Crear | Spearman |
| 10:37 | Crear | Villager (Male) |
| 10:37 | Crear | Villager (Male) |
| 10:54 | Construir | House |
| 12:10 | Crear | Villager (Male) |
| 12:10 | Crear | Villager (Male) |
| 13:03 | Crear | Villager (Male) |
| 13:03 | Crear | Villager (Male) |
| 13:06 | Crear | Villager (Male) |
| 13:24 | Construir | Mining Camp |
| 13:30 | Construir | House |
| 13:39 | Crear | Villager (Male) |
| 13:40 | Construir | House |
| 14:12 | Construir | Farm |
| 14:17 | Construir | Farm |
| 14:18 | Construir | Farm |
| 14:19 | Construir | Farm |
| 14:20 | Construir | Farm |
| 14:23 | Construir | Farm |
| 14:25 | Construir | Farm |
| 14:26 | Construir | Farm |
| 14:26 | Construir | Farm |
| 14:28 | Investigar | Double-Bit Axe |
| 14:29 | Crear | Villager (Male) |
| 15:11 | Crear | Villager (Male) |
| 15:15 | Construir | Farm |
| 15:16 | Crear | Villager (Male) |
| 15:47 | Crear | Villager (Male) |
| 15:57 | Crear | Spearman |
| 15:57 | Crear | Spearman |
| 15:58 | Crear | Spearman |
| 15:58 | Crear | Spearman |
| 16:07 | Construir | Mining Camp |
| 16:10 | Construir | House |
| 16:30 | Crear | Villager (Male) |
| 16:37 | Construir | Farm |
| 16:40 | Construir | Farm |
| 17:10 | Crear | Villager (Male) |
| 17:11 | Crear | Villager (Male) |
| 17:18 | Construir | Farm |
| 17:21 | Construir | Farm |
| 17:24 | Construir | Stable |
| 17:26 | Construir | Stable |
| 17:44 | Crear | Skirmisher |
| 17:44 | Crear | Skirmisher |
| 18:00 | Crear | Villager (Male) |
| 18:00 | Crear | Villager (Male) |
| 18:19 | Construir | House |
| 18:52 | Construir | Blacksmith |
| 18:56 | Crear | Villager (Male) |
| 19:22 | Crear | Spearman |
| 19:22 | Crear | Spearman |
| 19:22 | Crear | Spearman |
| 20:06 | Crear | Spearman |
| 20:07 | Crear | Spearman |
| 20:30 | Investigar | Castle Age |
| 21:41 | Investigar | Bloodlines |
| 21:43 | Investigar | Scale Barding Armor |
| 22:13 | Construir | House |
| 22:16 | Construir | House |
| 22:23 | Crear | Villager (Male) |
| 22:48 | Construir | Farm |
| 22:49 | Construir | Farm |
| 22:53 | Crear | Villager (Male) |
| 22:56 | Edad | Edad de los Castillos |
| 22:57 | Crear | Knight |
| 22:58 | Crear | Knight |
| 23:04 | Construir | Town Center |
| 23:15 | Crear | Knight |
| 23:16 | Crear | Knight |
| 23:43 | Crear | Villager (Male) |
| 23:46 | Crear | Knight |
| 23:52 | Construir | Farm |
| 23:54 | Construir | Farm |
| 24:05 | Crear | Knight |
| 24:09 | Crear | Knight |
| 24:11 | Crear | Villager (Male) |
| 24:25 | Crear | Knight |
| 24:30 | Construir | Farm |
| 24:35 | Construir | Farm |
| 24:38 | Crear | Villager (Male) |
| 25:06 | Crear | Villager (Male) |
| 25:06 | Crear | Villager (Male) |
| 25:11 | Crear | Knight |
| 25:31 | Investigar | Forging |
| 25:42 | Crear | Villager (Male) |
| 25:47 | Construir | House |
| 25:49 | Construir | House |
| 25:50 | Construir | House |
| 25:56 | Crear | Villager (Male) |
| 26:44 | Construir | Farm |
| 26:45 | Crear | Villager (Male) |
| 26:46 | Crear | Villager (Male) |
| 26:50 | Crear | Knight |
| 26:50 | Crear | Knight |
| 27:24 | Construir | Farm |
| 27:25 | Crear | Knight |
| 27:28 | Investigar | Husbandry |
| 28:25 | Crear | Knight |
| 28:25 | Crear | Knight |
| 28:26 | Crear | Knight |
| 28:26 | Crear | Knight |
| 28:27 | Crear | Villager (Male) |
| 28:28 | Crear | Villager (Male) |
| 28:29 | Construir | House |
| 28:29 | Construir | House |
| 28:51 | Crear | Knight |
| 28:56 | Crear | Villager (Male) |
| 28:57 | Crear | Villager (Male) |
| 29:27 | Crear | Knight |
Cronología de la partida
| 7:50 | FMG | ELCOCHINOTE · first_building Barracks |
| 7:56 | FMG | ELCOCHINOTE · wall_segment Palisade Wall x8 |
| 8:12 | [AJJRR] Minillop · first_building Barracks |
| 8:13 | deju30 · first_building Barracks |
| 8:24 | Lindy · wall_segment Palisade Wall x3 |
| 8:36 | Lindy · wall_segment Palisade Wall x13 |
| 9:18 | FMG | ELCOCHINOTE · age_up feudal |
| 9:20 | deju30 · age_up feudal |
| 9:21 | FMG | ELCOCHINOTE · first_building Stable |
| 9:21 | deju30 · first_building Archery Range |
| 9:41 | [AJJRR] Minillop · wall_segment Palisade Wall x8 |
| 9:52 | [AJJRR] Minillop · wall_segment Palisade Wall x3 |
| 10:03 | Lindy · first_building Barracks |
| 10:08 | Lindy · age_up feudal |
| 10:47 | FMG | ELCOCHINOTE · wall_segment Palisade Wall x17 |
| 11:09 | FMG | ELCOCHINOTE · wall_segment Palisade Wall x11 |
| 11:36 | FMG | ELCOCHINOTE · wall_segment Palisade Wall x3 |
| 12:09 | Lindy · first_building Archery Range |
| 12:15 | [AJJRR] Minillop · age_up feudal |
| 12:36 | FMG | ELCOCHINOTE · wall_segment Palisade Wall x1 |
| 12:58 | FMG | ELCOCHINOTE · wall_segment Palisade Wall x3 |
| 14:53 | FMG | ELCOCHINOTE · age_up castle |
| 15:36 | [AJJRR] Minillop · first_market_buy 100 food |
| 17:08 | [AJJRR] Minillop · wall_segment Palisade Wall x1 |
| 17:24 | [AJJRR] Minillop · wall_segment Palisade Wall x1 |
| 17:24 | deju30 · first_building Stable |
| 18:39 | [AJJRR] Minillop · age_up castle |
| 22:56 | deju30 · age_up castle |
| 23:31 | Lindy · age_up castle |
| 23:32 | Lindy · first_building Castle |
| 25:29 | Lindy · first_building Stable |
| 26:02 | FMG | ELCOCHINOTE · first_building Castle |
| 27:33 | [AJJRR] Minillop · first_building Siege Workshop |
| 28:13 | [AJJRR] Minillop · first_building Archery Range |
| 30:17 | FMG | ELCOCHINOTE · age_up imperial |
| 30:33 | FMG | ELCOCHINOTE · wall_segment Palisade Wall x1 |
| 30:38 | deju30 · first_building Siege Workshop |
| 34:13 | [AJJRR] Minillop · resign |
[ ANÁLISIS IA · 1 CRÉDITO ]
¿Qué pasó realmente en esta partida?
Wolo.gg analiza cada decisión: build order, eco, micro, errores típicos por bracket. Análisis personalizado por WhatsApp o Discord en 30 segundos.
Guía civ
Wu
Perfil
[AJJRR] Minillop